 Dungeon Crawl Stone Soup version 0.27.0-1-g7a089689b8 (webtiles) character file.

Game seed: 11421808013088897918

242 BOMJPIETVODKU the Digger (level 6, -2/44 HPs)
             Began as a Gnoll Earth Elementalist on Aug 6, 2021.
             Engulfed by a steam dragon's steam (10 damage)
             ... on level 4 of the Dungeon.
             The game lasted 00:10:26 (4521 turns).

BOMJPIETVODKU the Digger (Gnoll Earth Elementalist) Turns: 4521, Time: 00:10:26

Health: -2/44      AC:  3    Str:  8    XL:     6   Next: 9%
Magic:  1/13       EV: 13    Int: 16    God:
Gold:   76         SH:  0    Dex: 12    Spells: 9/15 levels left

rFire    . . .     SeeInvis .   i - +0 short sword
rCold    . . .     Faith    .   (no shield)
rNeg     . . .     Spirit   .   b - +0 robe
rPois    .         Reflect  .   e - +0 helmet
rElec    .         Harm     .   (no cloak)
rCorr    .         Rampage  .   (no gloves)
Will     .....                  (no boots)
Stlth    +++.......             (no amulet)
HPRegen  0.14/turn              h - ring of wizardry
MPRegen  0.13/turn              (no ring)

@: very slightly contaminated
A: fangs 1, strong nose, distributed training
a: no special abilities


You were on level 4 of the Dungeon.
You visited 1 branch of the dungeon, and saw 4 of its levels.

You collected 100 gold pieces.
You spent 24 gold pieces at shops.

Inventory:

Hand Weapons
 f - a +1 dagger of holy wrath
 i - a +0 short sword (weapon)
Missiles
 c - 63 stones
Armour
 b - a +0 robe (worn)
 e - a +0 helmet (worn)
Jewellery
 h - a ring of wizardry (left hand)
Scrolls
 d - 3 scrolls of teleportation
 l - a scroll of vulnerability
 m - a scroll of amnesia
Potions
 g - a potion of might
 j - a potion of haste
 k - a potion of flight
 n - a potion of heal wounds
 o - a potion of brilliance {unknown}
 p - 2 potions of curing {unknown}
 q - a potion of invisibility {unknown}


   Skills:
 + Level 1.8 Fighting
 + Level 1.8 Short Blades
 + Level 1.8 Long Blades
 + Level 1.8 Axes
 + Level 1.8 Maces & Flails
 + Level 1.8 Polearms
 + Level 1.8 Staves
 + Level 1.8 Slings
 + Level 1.8 Bows
 + Level 1.8 Crossbows
 + Level 1.8 Throwing
 + Level 1.8 Armour
 + Level 4.9 Dodging
 + Level 4.5 Stealth
 + Level 1.8 Shields
 + Level 1.8 Unarmed Combat
 + Level 5.3 Spellcasting
 + Level 1.4 Conjurations
 + Level 1.4 Hexes
 + Level 1.4 Summonings
 + Level 1.4 Necromancy
 + Level 1.4 Translocations
 + Level 2.5 Transmutations
 + Level 1.4 Fire Magic
 + Level 1.4 Ice Magic
 + Level 1.4 Air Magic
 + Level 5.6 Earth Magic
 + Level 1.4 Poison Magic
 + Level 2.0 Invocations
 + Level 1.8 Evocations


You had 9 spell levels left.
You knew the following spells:

 Your Spells              Type           Power      Damage    Failure   Level
a - Sandblast             Erth           44%        2d11      1%          1
b - Passwall              Tmut/Erth      14%        N/A       1%          2
c - Stone Arrow           Conj/Erth      30%        3d8       4%          3

Your spell library contained the following spells:

 Spells                   Type           Power      Damage    Failure   Level
 Corona                   Hex            8%         N/A       3%          1
 Ensorcelled Hibernation  Hex/Ice        16%        N/A       5%          2
 Tukima's Dance           Hex            8%         N/A       11%         3
 Petrify                  Tmut/Erth      17%        N/A       11%         4


Dungeon Overview and Level Annotations

Branches:
Dungeon (4/15)
 Temple: D:4-7

Altars:
Ru

Shops:
D:2 *[(:(


Innate Abilities, Weirdness & Mutations

You have very sharp teeth.
Your uncanny sense of smell can sniff out nearby items.
Your experience applies equally to all skills.


Message History

Unknown command.
Aiming: Stone Arrow (dangerous; 4% risk of failure)
Press: ? - help, Q - select action, (/) - cycle Shift-Dir - straight line, f/p - goblin
Aim: a goblin, wielding a +0 dagger (60% to hit)
The stone arrow hits the goblin!
You kill the goblin!
You start resting.
Magic restored.
You see here a +0 dagger.
The steam dragon hisses angrily.
The steam dragon breathes steam at you. The ball of steam hits you!!
Aiming: Stone Arrow (dangerous; 4% risk of failure)
Press: ? - help, Q - select action, (/) - cycle Shift-Dir - straight line, f - steam dragon
Aim: a steam dragon (68% to hit)
The stone arrow hits the steam dragon!
The steam dragon is heavily wounded.
Aiming: Stone Arrow (dangerous; 4% risk of failure)
Press: ? - help, Q - select action, (/) - cycle Shift-Dir - straight line, f/p - steam dragon
Aim: a steam dragon (heavily wounded, 68% to hit)
You miscast Stone Arrow.
You are very lightly contaminated with residual magic.
Nothing appears to happen.
The steam dragon breathes steam at you. The ball of steam hits you!
* * * LOW HITPOINT WARNING * * *
You hear an angry hiss.
Aiming: Stone Arrow (dangerous; 4% risk of failure)
Press: ? - help, Q - select action, (/) - cycle Shift-Dir - straight line, f/p - steam dragon
Aim: a steam dragon (heavily wounded, catching its breath, 68% to hit)
You miscast Stone Arrow.
Nothing appears to happen.
You are engulfed in a cloud of scalding steam.
* * * LOW HITPOINT WARNING * * *
Aiming: Stone Arrow (dangerous; 4% risk of failure)
Press: ? - help, Q - select action, (/) - cycle Shift-Dir - straight line, f/p - steam dragon
Aim: a steam dragon (steam, heavily wounded, 68% to hit)
The stone arrow hits the steam dragon!
The steam dragon is almost dead.
You are engulfed in a cloud of scalding steam.
You die...

.# #. .... #. #.#.##.
#...# ....... #...# #
....... #...# ## .......
#...########.
.......######.........##.
......§§§§.............).
.......D@.§..............
#........................
#############...#####.#..
#...).....#..
#...#####.... #...# ####.
#...# #. ∆ #...########.
∆ #............


You could see a steam dragon.

Vanquished Creatures
  A scorpion (D:4)
  An iguana (D:2)
  8 adders
  3 worms
  4 dart slugs
  An orc (D:4)
  4 bats (D:3)
  8 endoplasms
  3 giant cockroaches
  8 goblins
  4 hobgoblins
  4 jackals (D:1)
  3 quokkas
  10 ball pythons
  A frilled lizard (D:2)
  7 kobolds
  5 rats
75 creatures vanquished.

Notes
Turn   | Place    | Note
-------+----------+-------------------------------------------
     0 | D:1      | BOMJPIETVODKU the Gnoll Earth Elementalist began the quest
                  | for the Orb.
     0 | D:1      | Reached XP level 1. HP: 13/13 MP: 6/6
    81 | D:1      | Reached XP level 2. HP: 6/19 MP: 3/7
  1246 | D:1      | Reached XP level 3. HP: 25/25 MP: 9/9
  1249 | D:1      | Learned a level 2 spell: Passwall
  1253 | D:1      | Learned a level 3 spell: Stone Arrow
  1299 | D:2      | Found Kapisiq's Weapon Emporium.
  1305 | D:2      | Reached skill level 5 in Spellcasting
  1449 | D:2      | Reached skill level 1 in Invocations
  1530 | D:2      | Found Iboel's Book Emporium.
  1699 | D:2      | Reached skill level 1 in Fighting
  1699 | D:2      | Reached skill level 1 in Short Blades
  1699 | D:2      | Reached skill level 1 in Long Blades
  1699 | D:2      | Reached skill level 1 in Axes
  1699 | D:2      | Reached skill level 1 in Maces & Flails
  1699 | D:2      | Reached skill level 1 in Polearms
  1699 | D:2      | Reached skill level 1 in Staves
  1699 | D:2      | Reached skill level 1 in Slings
  1699 | D:2      | Reached skill level 1 in Bows
  1699 | D:2      | Reached skill level 1 in Crossbows
  1699 | D:2      | Reached skill level 1 in Throwing
  1699 | D:2      | Reached skill level 1 in Armour
  1699 | D:2      | Reached skill level 1 in Shields
  1699 | D:2      | Reached skill level 1 in Unarmed Combat
  1699 | D:2      | Reached skill level 1 in Evocations
  1911 | D:2      | Found Ocoacs's Antique Armour Boutique.
  1915 | D:2      | Reached XP level 4. HP: 31/32 MP: 7/11
  1930 | D:2      | Found Vuvoux's General Store.
  1991 | D:2      | Bought a scroll of identify for 24 gold pieces
  2075 | D:2      | Reached skill level 1 in Conjurations
  2075 | D:2      | Reached skill level 1 in Hexes
  2075 | D:2      | Reached skill level 1 in Summonings
  2075 | D:2      | Reached skill level 1 in Necromancy
  2075 | D:2      | Reached skill level 1 in Translocations
  2075 | D:2      | Reached skill level 1 in Fire Magic
  2075 | D:2      | Reached skill level 1 in Ice Magic
  2075 | D:2      | Reached skill level 1 in Air Magic
  2075 | D:2      | Reached skill level 1 in Poison Magic
  2233 | D:2      | Found Biem Rel's Antique Weapon Shop.
  2250 | D:2      | Found a sacrificial altar of Ru.
  2278 | D:2      | Reached XP level 5. HP: 36/37 MP: 12/12
  3640 | D:3      | Found a faded altar of an unknown god.
  4274 | D:4      | Reached XP level 6. HP: 44/44 MP: 6/13
  4448 | D:4      | Noticed a steam dragon
  4521 | D:4      | Engulfed by a steam dragon's steam

Illustrated notes

Levels and vault maps discovered:
D:1:      dpeg_chamrin_arrival_tetris, layout_basic, minmay_unequal
D:2:      layout_basic, basic_altar, serial_shops,
          nicolae_shop_temple_entry_statues_fountains, shop,
          nicolae_shop_temple_entry_statues_fountains, shop,
          nicolae_shop_statue_plus, minmay_heptomino_l4
D:3:      layout_loops_corners, basic_ecumenical_altar
D:4:      layout_loops_cross, dk_vineyard_2, hangedman_decor_diamond_cutter,
          roderic_batcave

Skill      XL: |  1  2  3  4  5 |
---------------+----------------+-----
Transmutations | 2 |  2.5
Spellcasting   | 5 |  5.3
Invocations    | 1 2 |  2.0
Fighting       | 1 |  1.8
Short Blades   | 1 |  1.8
Long Blades    | 1 |  1.8
Axes           | 1 |  1.8
Maces & Flails | 1 |  1.8
Polearms       | 1 |  1.8
Staves         | 1 |  1.8
Slings         | 1 |  1.8
Bows           | 1 |  1.8
Crossbows      | 1 |  1.8
Throwing       | 1 |  1.8
Armour         | 1 |  1.8
Shields        | 1 |  1.8
Unarmed Combat | 1 |  1.8
Evocations     | 1 |  1.8
Conjurations   | 1 |  1.4
Hexes          | 1 |  1.4
Summonings     | 1 |  1.4
Necromancy     | 1 |  1.4
Translocations | 1 |  1.4
Fire Magic     | 1 |  1.4
Ice Magic      | 1 |  1.4
Air Magic      | 1 |  1.4
Poison Magic   | 1 |  1.4
Dodging        | |  4.9
Stealth        | |  4.5
Earth Magic    | |  5.6

Action                   |  1- 3 |  4- 6 || total
-------------------------+-------+-------++-------
Melee: Unarmed           |     7 |       ||     7
       Whip              |    39 |       ||    39
       Bite              |     3 |     5 ||     8
       Short sword       |    10 |    52 ||    62
 Cast: Sandblast         |    33 |     5 ||    38
       Stone Arrow       |       |    46 ||    46
  Use: Scroll            |       |     7 ||     7
 Stab: Sleeping          |     3 |     7 ||    10
Armor: Robe              |    13 |    17 ||    30
Dodge: Dodged            |    43 |    36 ||    79
